 Dungeon Crawl Stone Soup version 0.31.0-32-g396128a36d (webtiles) character file.

Game seed: 14088070231503520615

1884 Dvallin the Ruffian (level 8, -4/66 HPs)
             Began as a Grey Draconian Shapeshifter on Apr 1, 2024.
             Was an Initiate of Ru.
             Slain by a kobold brigand
             ... wielding a +0 whip
              (8 damage)
             ... on level 7 of the Dungeon.
             The game lasted 00:08:42 (5120 turns).

Dvallin the Ruffian (Grey Draconian Shapeshifter)   Turns: 5120, Time: 00:08:44

Health: -4/66      AC: 11    Str: 16    XL:     8   Next: 92%
Magic:  8/8        EV: 17    Int: 10    God:    Ru [......]
Gold:   258        SH:  0    Dex: 14    Spells: 7/7 levels left

rFire   + .          .
                       - Unarmed
rCold   + . .        (shield currently unavailable)
rNeg    . . .        (body armour unavailable)
rPois   +            (helmet restricted)
rElec   +            n - scarf {repulsion}
rCorr   +            (no gloves)
SInv    .            (no boots)
Will    .....        (no amulet)
Stlth   +            (no ring)
HPRegen 0.31/turn    (no ring)
MPRegen 0.11/turn

%: repel missiles
@: brilliant, about to teleport, flux-form, resistant, attractive, glowing
A: glow, contaminating, AC +11, amphibious, unfitting armour, cold-blooded
a: Begin Untransformation, Renounce Religion


You were on level 7 of the Dungeon.
You worshipped Ru.
Ru was noncommittal.
You were something dangerously unstable.
You visited 1 branch of the dungeon, and saw 8 of its levels.

You collected 258 gold pieces.

Inventory:

Armour
 n - a scarf of repulsion (worn)
Jewellery
 d - a ring of fire
 j - a ring of poison resistance
Talismans
 c - a flux talisman (active)
Wands
 f - a wand of iceblast (10)
 s - a wand of light (7)
Scrolls
 i - 8 scrolls of identify {unknown}
 m - a scroll of torment {unknown}
 p - a scroll of silence {unknown}
 q - a scroll of fear {unknown}
 r - a scroll of blinking {unknown}
Potions
 a - a potion of lignification
 b - a potion of ambrosia {unknown}
 e - a potion of magic {unknown}
 g - a potion of brilliance
 h - a potion of curing
 l - 2 potions of attraction


   Skills:
 + Level 3.8 Fighting
 + Level 3.5 Dodging
 * Level 7.7 Unarmed Combat
 + Level 7.7 Shapeshifting


You had 7 spell levels left.
You didn't know any spells.
Your spell library contained the following spells:

 Spells                   Type           Power      Damage    Failure   Level
 Foxfire                  Conj/Fire      0%         2x1d4     36%         1
 Lesser Beckoning         Tloc           0%         N/A       50%         2
 Scorch                   Fire           0%         2d5       50%         2
 Gell's Gravitas          Tloc           0%         N/A       75%         3
 Teleport Other           Tloc           0%         N/A       75%         3
 Flame Wave               Conj/Fire      0%         2d4       98%         4
 Plasma Beam              Fire/Air       0%         2x1d10    100%        6
 Starburst                Conj/Fire      0%         6d3       100%        6
 Summon Cactus Giant      Summ           0%         N/A       100%        6


Dungeon Overview and Level Annotations

Branches:
Dungeon (8/15)
 Temple: D:4-7         Lair: D:8-11

Altars:
Dithmenos
Fedhas
Hepliaklqana
Kikubaaqudgha
Nemelex Xobeh
Okawaru
Ru
Sif Muna
Trog
Vehumet
Zin
The Shining One

Shops:
D:6 *

Annotations:
D:4 Dowan, Duvessa
D:6 3 runed translucent doors, mainiacjoe's ghost, novice OpIE


Innate Abilities, Weirdness & Mutations

You are something dangerously unstable.
You glow with magical radiation, making you easy to see and hit.
Foes you strike become dangerously contaminated with magical radiation.
You are incapable of wielding weapons or throwing items.
Your dull iron-grey scales are very hard. (AC +11)
You are amphibious.
You cannot fit into any form of body armour.
You are cold-blooded and may be slowed by cold attacks.


Message History

The orc wizard attacks as it pursues you!
The orc wizard misses you.
The steam dragon is attracted toward you.
The orc wizard mumbles some strange words.
The orc wizard flickers and vanishes!
Deactivating autopickup; reactivate with Ctrl-A.
Something is attracted toward you. The orc wizard is attracted toward you.
The steam dragon is attracted toward you.
The orc is attracted toward you.
The orc wizard mumbles some strange words.
The orc wizard flickers and vanishes!
A magic dart appears from out of thin air!
The magic dart hits you but does no damage.
The steam dragon is attracted toward you.
The steam dragon breathes steam at you. The ball of steam hits you. You resist.
* * * LOW HITPOINT WARNING * * *
The steam dragon is attracted toward you.
Something is attracted toward you. The orc is attracted toward you.
Something is attracted toward you.
There is a stone staircase leading up here.
The steam dragon breathes steam at you.
The ball of steam is repelled.
You climb upwards.
The kobold brigand shouts!
The kobold shouts! x3
Reactivating autopickup.
You hear a shout!
A kobold comes into view. It is wielding a +0 dagger.
The kobold barely misses you.
The kobold brigand is attracted toward you.
The kobold is attracted toward you. x2
There is a stone staircase leading down here.
As you read the scroll labelled PIRAX BOSCHE, it crumbles to dust.
You feel strangely unstable.
It was a scroll of teleportation.
The steam dragon bites you.
* * * LOW HITPOINT WARNING * * *
The steam dragon misses you. The kobold misses you.
The kobold closely misses you.
The kobold brigand hits you with a +0 whip!
You die...

##..#..## ##
#.......#
##.#.#.......##
#DK§.......:..##.#
#pK..#...........#
#KKK##........ ..#
#.K.##...<.).###..
###§.#.....).##..#
.##.......###..
.##............
.....####.....
...# #..... .
###...


You could see a steam dragon, a kobold brigand and 5 kobolds.

Vanquished Creatures
  Prince Ribbit (D:7)
  A water moccasin (D:3)
  An ice beast (D:4)
  3 ogres
  A centaur (D:7)
  Blork the orc (D:5)
  A phantom (D:6)
  A kobold brigand (D:7)
  A gnoll sergeant (D:5)
  4 scorpions
  A howler monkey (D:7)
  2 jellies
  2 hounds
  2 orc priests
  Terence (D:2)
  A sleepcap (D:7)
  6 orc wizards
  3 gnolls (D:5)
  9 adders
  3 shadow imps
  2 dart slugs
  A ribbon worm (D:2)
  13 orcs
  7 endoplasms
  3 giant cockroaches
  7 goblins
  7 hobgoblins
  4 quokkas
  4 ball pythons
  7 bats
  2 frilled lizards
  8 kobolds
  8 rats
118 creatures vanquished.

Notes
Turn   | Place    | Note
-------+----------+-------------------------------------------
     0 | D:1      | Dvallin the Draconian Shapeshifter began the quest for the
                  | Orb.
     0 | D:1      | Reached XP level 1. HP: 16/16 MP: 1/1
   194 | D:1      | Reached XP level 2. HP: 14/23 MP: 2/2
   684 | D:1      | Reached XP level 3. HP: 19/28 MP: 3/3
   906 | D:2      | Noticed Terence
   916 | D:2      | Killed Terence
  1079 | D:2      | Found a faded altar of an unknown god.
  1136 | D:2      | Reached XP level 4. HP: 19/35 MP: 4/4
  1670 | D:3      | Noticed a water moccasin
  1687 | D:3      | Killed a water moccasin
  1688 | D:3      | Reached skill level 5 in Shapeshifting
  1688 | D:3      | Reached XP level 5. HP: 28/40 MP: 5/5
  2029 | D:3      | Found a bloodstained altar of Trog.
  2031 | D:3      | Found an ancient bone altar of Kikubaaqudgha.
  2055 | D:3      | Found a glowing golden altar of the Shining One.
  2056 | D:3      | Found a radiant altar of Vehumet.
  2056 | D:3      | Found an iron altar of Okawaru.
  2056 | D:3      | Found a shimmering blue altar of Sif Muna.
  2056 | D:3      | Found a hazy altar of Hepliaklqana.
  2058 | D:3      | Found a shadowy altar of Dithmenos.
  2059 | D:3      | Found a blossoming altar of Fedhas.
  2061 | D:3      | Found a sparkling altar of Nemelex Xobeh.
  2207 | D:4      | Noticed Duvessa
  2241 | D:4      | Noticed an ice beast
  2327 | D:4      | Noticed Dowan
  2583 | D:4      | Killed an ice beast
  2584 | D:4      | Reached XP level 6. HP: 38/47 MP: 6/6
  2797 | D:5      | Entered Level 5 of the Dungeon
  3178 | D:5      | Your scales start taking on a dull iron-grey colour.
  3178 | D:5      | Reached XP level 7. HP: 35/52 MP: 7/7
  3409 | D:5      | Reached skill level 5 in Unarmed Combat
  3763 | D:5      | Noticed Blork the orc
  3767 | D:5      | Killed Blork the orc
  3779 | D:5      | Reached XP level 8. HP: 41/61 MP: 8/8
  4008 | D:6      | Found a runed translucent gate.
  4008 | D:6      | Found a runed translucent gate.
  4009 | D:6      | Found a runed translucent gate.
  4237 | D:6      | Found Duotzuih's Elemental Accessories.
  4662 | D:6      | Noticed mainiacjoe's ghost (novice OpIE)
  4863 | D:7      | Found a glowing silver altar of Zin.
  4879 | D:7      | Found a sacrificial altar of Ru.
  4905 | D:7      | Became a worshipper of Ru the Awakened
  5082 | D:7      | Noticed Prince Ribbit
  5104 | D:7      | Killed Prince Ribbit
  5120 | D:7      | Slain by a kobold brigand

Illustrated notes

Levels and vault maps discovered:
D:1:      amcnicky_arrival_choice, layout_loops_ring
D:2:      layout_loops_ring, basic_ecumenical_altar, minmay_misc_feat_iff,
          kennysheep_decorative_pillar, uniq_terence
D:3:      layout_basic, minitemple
D:4:      layout_rooms, uniq_duvessa
D:5:      layout_loops_ring, uniq_blork_the_orc
D:6:      layout_basic, gammafunk_ghost_icy, nicolae_elemental_shop,
          billiards_dpeg
D:7:      layout_cave_pools, nicolae_overflow_two_pavilions,
          minmay_temple_entry_junction, serial_gnoll_camp, gnoll_camp_medium_01,
          gnoll_camp_mini_hut, gnoll_camp_mini_sergeant, grums_kennel,
          uniq_jeremiah, uniq_pikel, uniq_prince_ribbit1
D:8:      minmay_the_grid_octo_tiled_squarecenter [minmay_the_grid_octo_clover,
          minmay_the_grid_octo_fat_diamond, minmay_the_grid_octo_checkerflower,
          minmay_the_grid_octo_checkered,
          minmay_the_grid_square_5x5_megaprize_hollow,
          minmay_the_grid_square_5x5_sharp_hourglass,
          minmay_the_grid_square_5x5_slash, minmay_the_grid_square_5x5_bite,
          minmay_the_grid_square_5x5_fancy_junction], layout_cave_pools

Skill      XL: |  1  2  3  4  5  6  7  8 |
---------------+-------------------------+-----
Shapeshifting  | 4 5 6 7 |  7.7
Unarmed Combat | 4 6 7 |  7.7
Dodging        | 2 3 |  3.5
Fighting       | 3 |  3.8

Action                     |  1- 3 |  4- 6 |  7- 9 || total
---------------------------+-------+-------+-------++-------
  Melee: Unarmed           |   127 |   176 |   192 ||   495
         Tailslap          |    16 |    26 |    39 ||    81
    Use: Potion            |       |       |     4 ||     4
         Scroll            |       |       |     1 ||     1
 Armour: Skin              |    45 |    80 |   134 ||   259
  Dodge: Dodged            |    98 |   101 |   150 ||   349
         Repelled          |       |       |     2 ||     2
   Form: Flux              |     1 |       |       ||     1
